 Dungeon Crawl Stone Soup version 0.28.0 (webtiles) character file.

Game seed: 9623964828241612911

997 ProzacElf the Bolt Thrower (level 7, 0/90 (91) HPs)
             Began as a Minotaur Hunter on Feb 18, 2022.
             Was a High Priest of Ignis.
             Slain by a gnoll sergeant (2 damage)
             ... on level 5 of the Dungeon.
             The game lasted 00:07:03 (3744 turns).

ProzacElf the Bolt Thrower (Minotaur Hunter)        Turns: 3744, Time: 00:07:04

HP:   0/90 (91)     AC:  5    Str: 19    XL:     7   Next: 99%
MP:   6/6           EV: 12    Int:  8    God:    Ignis [*****.]
Gold: 192           SH:  0    Dex: 10    Spells: 6/6 levels left

rFire   + . .      SeeInvis .   a - +0 trident
rCold   . . .      Faith    .   (no shield)
rNeg    . . .      Spirit   .   h - +0 ring mail
rPois   .          Reflect  .   (helmet restricted)
rElec   .          Harm     .   l - scarf {repulsion}
rCorr   .          Rampage  .   (no gloves)
Will    +....                   (no boots)
Stlth   ..........              (no amulet)
HPRegen 0.25/turn               j - ring of willpower
MPRegen 0.10/turn               (no ring)

@: berserking (expiring), lightly drained, repel missiles, very quick
A: horns 2, retaliatory headbutt
a: Renounce Religion, Fiery Armour, Foxfire Swarm, Rising Flame


You were on level 5 of the Dungeon.
You worshipped Ignis.
Ignis was extremely pleased with you.
You visited 1 branch of the dungeon, and saw 5 of its levels.

You collected 192 gold pieces.

Inventory:

Hand Weapons
 a - a +0 trident (weapon)
 b - a +1 hand crossbow
 g - a +0 short sword
 p - a +0 flail
 s - a +1 dagger of freezing
Missiles
 d - 96 bolts
 e - 168 stones
 i - 98 arrows
 k - 7 boomerangs (quivered)
 o - 3 boomerangs of dispersal
Armour
 c - a +0 leather armour
 f - an orb of energy
 h - a +0 ring mail (worn)
 l - a scarf of repulsion (worn)
Jewellery
 j - a ring of willpower (left hand)
Scrolls
 n - 3 scrolls of silence {unknown}
 q - 2 scrolls of vulnerability {unknown}
 t - a scroll of magic mapping {unknown}
 u - a scroll of summoning {unknown}
Potions
 r - a potion of lignification {unknown}
 v - a potion of heal wounds {unknown}


   Skills:
 - Level 5.0 Fighting
 - Level 5.0 Crossbows
 + Level 3.2 Armour
 - Level 5.0 Dodging
 + Level 2.6 Stealth
 - Level 5.0 Evocations


You had 6 spell levels left.
You didn't know any spells.
Your spell library was empty.

Dungeon Overview and Level Annotations

Branches:
Dungeon (5/15)
 Temple: D:4-7

Altars:
Ignis

Shops:
D:3 :   D:4 =


Innate Abilities, Weirdness & Mutations

You have a pair of horns on your head.
You reflexively headbutt those who attack you in melee.


Message History

Ye closely miss tha black bear.
Yer headbutt misses tha black bear.
Tha black bear be moderately wounded.
Tha black bear closely misses ye.
Tha black bear claws ye.
* * * LOW HITPOINT WARNIN'
* * * Tha black bear closely misses ye.
Tha gnoll sergeant hits ye from afar wit' a +0 spear!
* * * LOW HITPOINT WARNIN'
* * * Ye take 14 damage, an' haf 10/90 hp.
Ye hit tha black bear.
Tha black bear be heavily wounded.
Tha black bear bites ye.
* * * LOW HITPOINT WARNIN'
* * * Tha black bear claws ye but does nay damage.
Tha black bear closely misses ye.
Ye take 4 damage, an' haf 6/90 hp.
Ye puncture tha black bear!
Yer headbutt misses tha black bear.
Tha black bear be severely wounded.
Tha gnoll sergeant closely misses ye.
Tha black bear bites ye.
* * * LOW HITPOINT WARNIN'
* * * Tha black bear barely misses ye. x2
Ye take 1 damage, an' haf 5/90 hp.
Ye closely miss tha black bear.
Yer headbutt misses tha black bear.
Tha black bear be severely wounded.
Tha gnoll sergeant completely misses ye.
Tha black bear closely misses ye.
Tha black bear claws ye but does nay damage.
Tha black bear closely misses ye.
Ye hit tha black bear.
Tha black bear be severely wounded.
Tha gnoll sergeant misses ye.
Tha black bear closely misses ye. x3
Ye closely miss tha black bear.
Tha black bear be severely wounded.
Tha gnoll sergeant hits ye from afar wit' a +0 spear.
* * * LOW HITPOINT WARNIN'
* * * Ye take 3 damage, an' haf 2/90 hp.
Ye barely miss tha black bear.
Tha black bear be severely wounded.
Tha black bear goes berserk!
Tha gnoll sergeant hits ye from afar wit' a +0 spear.
Ye die...

#..# ...##... ...##..#
...#..# #..#..# #
#..#..# #.##.####
#..#..# .
........#######..#g.##gs
#@##.<..g.†..g..)g
#h#......>...#####
#ng..........#
###..###....## #..#
#.#.## ..........#
.........#.#
#####......# #####


You could see a black bear (berserk), a necrophage and a gnoll sergeant.

Vanquished Creatures
  Grinder (D:3)
  Sigmund (D:2)
  An ice beast (D:3)
  A necrophage (D:4)
  A centaur (D:4)
  A scorpion (D:5)
  A jelly (D:4)
  A hound (D:4)
  2 orc priests (D:3)
  2 orc wizards (D:3)
  A hound skeleton (D:5)
  A gnoll (D:5)
  3 adders (D:2)
  2 worms
  5 dart slugs
  7 orcs (D:3)
  7 ball pythons
  5 endoplasms
  2 giant cockroaches (D:2)
  6 goblins
  8 hobgoblins
  4 jackals (D:4)
  4 quokkas
  5 bats
  3 frilled lizards
  4 kobolds
  5 rats
84 creatures vanquished.

Vanquished Creatures (others)
  2 fungi (D:1)
  8 plants
10 creatures vanquished.

Grand Total: 94 creatures vanquished

Notes
Turn   | Place    | Note
-------+----------+-------------------------------------------
     0 | D:1      | ProzacElf the Minotaur Hunter began the quest for the Orb.
     0 | D:1      | Reached XP level 1. HP: 18/18 MP: 0/0
   296 | D:1      | Found a faded altar of an unknown god.
   299 | D:1      | Prayed at the altar of an unknown god.
   299 | D:1      | Became a worshipper of Ignis, the Dying Flame
   304 | D:1      | Reached XP level 2. HP: 25/25 MP: 1/1
  1017 | D:2      | Noticed Sigmund
  1026 | D:2      | Killed Sigmund
  1027 | D:2      | Reached skill level 5 in Crossbows
  1027 | D:2      | Reached skill level 5 in Dodging
  1027 | D:2      | Reached skill level 1 in Evocations
  1027 | D:2      | Reached XP level 3. HP: 31/31 MP: 2/2
  1027 | D:2      | Reached XP level 4. HP: 38/38 MP: 3/3
  1027 | D:2      | Reached XP level 5. HP: 45/45 MP: 4/4
  1698 | D:3      | Noticed Grinder
  1701 | D:3      | Paralysed by Grinder for 6 turns
  1711 | D:3      | Killed Grinder
  1712 | D:3      | Reached XP level 6. HP: 41/55 MP: 5/5
  1852 | D:3      | Found Memeagg's Book Boutique.
  1864 | D:3      | Reached skill level 5 in Fighting
  1935 | D:3      | Noticed an ice beast
  1941 | D:3      | Killed an ice beast
  1942 | D:3      | Reached XP level 7. HP: 46/61 MP: 6/6
  2967 | D:4      | Reached skill level 5 in Evocations
  2967 | D:4      | Reached skill level 1 in Stealth
  3040 | D:4      | Reached skill level 1 in Armour
  3069 | D:4      | Found Yjaf's Jewellery Boutique.
  3608 | D:5      | Entered Level 5 of the Dungeon
  3743 | D:5      | HP: 2/90 [gnoll sergeant (4)]
  3744 | D:5      | Slain by a gnoll sergeant

Illustrated notes

Levels and vault maps discovered:
D:1:      dpeg_arrival_court, layout_loops_ring,
          shapermc_ecumenical_altar_mp_urbaneastern
D:2:      layout_basic, uniq_sigmund
D:3:      layout_loops_ring, serial_shops, nicolae_shop_crystal, uniq_grinder
D:4:      layout_basic, serial_shops, nicolae_shop_hallway_plus,
          minmay_misc_feat_room
D:5:      layout_loops_ring, nicolae_gozag_zags_fifth_avenue,
          nicolae_ashenzari_panopticon, mainiacjoe_overflow_brackets,
          nicolae_grassy_gnolls

Skill      XL: |  1  2  3  4  5  6  7 |
---------------+----------------------+-----
Dodging        | 5 |  5.0
Crossbows      | 5 |  5.0
Fighting       | 3 4 5 |  5.0
Evocations     | 1 3 4 5 |  5.0
Stealth        | 2 |  2.6
Armour         | 3 |  3.2

Action                   |  1- 3 |  4- 6 |  7- 9 || total
-------------------------+-------+-------+-------++-------
Melee: Short sword       |     8 |       |       ||     8
       Flail             |    32 |    50 |       ||    82
       Headbutt          |     5 |     7 |    25 ||    37
       Punch             |     2 |       |     2 ||     4
       Trident           |       |    11 |   133 ||   144
 Fire: Hand crossbow     |     8 |     9 |     3 ||    20
  Use: Potion            |       |       |     1 ||     1
Armor: Leather armour    |     4 |       |       ||     4
       Ring mail         |     5 |    29 |    27 ||    61
Dodge: Dodged            |    20 |    52 |   108 ||   180
       Repelled          |       |       |     1 ||     1
